Map: Ulzaan

Players

RedDragon

  • Race: Zerg Zerg
  • Spawn Location: 9:00

Bakon

  • Race: Protoss Protoss
  • Spawn Location: 11:00

OpuS

  • Race: Protoss Protoss
  • League: Platinum
  • Spawn Location: 1:00

Sketchaphone

  • Race: Zerg Zerg
  • League: Platinum
  • Spawn Location: 3:00

VOD

Have the link to the VOD?

Description

Time

  • Played on: Feb. 4, 2019, 8:35 p.m.
  • Length: 12:31
Show
View Real Time Build Order
Export as new Build Order

RedDragon Zerg 

Build Orders: Pool First 

Get SALT Encoding   

  12  0:01  Drone  
  13  0:08  Drone  
  14  0:26  Spawning Pool  
  13  0:29  Drone  
  13  0:34  Extractor  
  13  0:35  Drone  
  14  0:44  Overlord  
  14  1:03  Drone x3  
  17  1:15  Queen  
  17  1:16  Drone  
  20  1:46  Drone  
  22  1:47  Zergling x2  
  22  1:49  Overlord  
  22  1:51  Metabolic Boost  
  22  2:04  Overlord  
  22  2:14  Zergling x2  
  23  2:22  Zergling x2  
  24  2:23  Zergling x2  
  24  2:24  Zergling x4  
  27  2:30  Queen  
  29  2:38  Drone, Extractor  
  29  2:46  Drone  
  30  2:59  Drone x3  
  30  3:00  Zergling x2  
  34  3:14  Lair  
  34  3:16  Zergling x2  
  35  3:24  Zergling x2  
  36  3:28  Spore Crawler  
  35  3:37  Zergling x6  
  35  3:40  Overlord  
  31  4:07  Hatchery  
  25  4:10  Zergling x2  
  25  4:11  Zergling x6  
  29  4:24  Zergling x2  
  29  4:27  Zergling x6  
  32  4:50  Drone  
  32  4:51  Zergling x4  
  35  5:00  Drone  
  35  5:01  Zergling x4  
  38  5:08  Spire  
  37  5:22  Queen  
  37  5:24  Drone x6  
  45  5:44  Drone x2  
  47  5:50  Extractor  
  47  5:57  Zergling x10  
  51  6:14  Overlord x3  
  51  6:15  Overlord  
  51  6:21  Zerg Flyer Weapons Level 1  
  43  7:02  Queen  
  43  7:05  Mutalisk x3  
  43  7:06  Mutalisk x7  
  65  7:13  Drone x2, Extractor  
  65  7:14  Drone  
  57  7:44  Spine Crawler  
  57  7:48  Drone x4  
  57  7:49  Drone  
  61  7:57  Spore Crawler  
  60  8:04  Mutalisk x3  
  60  8:05  Mutalisk  
  68  8:06  Mutalisk  
  68  8:11  Overlord  
  70  8:19  Zerg Flyer Weapons Level 2  
  70  8:57  Spine Crawler  
  70  8:58  Spine Crawler, Mutalisk x5  
  78  9:06  Drone x4  
  78  9:08  Drone  
  83  9:15  Overlord  
  83  9:38  Hatchery  
  82  9:50  Mutalisk  
  82  9:51  Mutalisk  
  86  9:54  Mutalisk  
  88  10:35  Zerg Flyer Armor Level 1  
  86  11:25  Mutalisk x3  
  88  11:30  Overlord  
  88  11:31  Overlord x6  
  88  11:32  Overlord x2  
Show
View Real Time Build Order
Export as new Build Order

Bakon Protoss 

Build Orders: Phoenix Opening 

Get SALT Encoding   

  12  0:02  Probe  
  13  0:15  Probe  
  13  0:20  Pylon  
  14  0:26  Probe  
  15  0:34  Probe  
  16  0:43  Probe  
  16  0:44  Gateway  
  17  0:52  Assimilator  
  17  0:53  Probe  
  18  1:04  Assimilator  
  18  1:05  Probe  
  19  1:14  Probe  
  20  1:22  Probe  
  20  1:23  Pylon  
  20  1:31  Probe  
  22  1:44  Probe  
  23  1:49  Cybernetics Core  
  23  1:56  Probe  
  24  2:06  Nexus  
  24  2:10  Probe  
  25  2:16  Pylon  
  25  2:24  Warp Gate  
  25  2:32  Adept  
  27  2:39  Probe, Stargate  
  28  2:51  Pylon  
  28  3:24  Phoenix  
  28  3:26  Probe x2  
  32  3:38  Probe x2  
  34  3:41  Assimilator  
  34  3:46  Assimilator  
  34  3:47  Stargate  
  34  3:49  Phoenix  
  34  3:53  Protoss Air Weapons Level 1, Probe x2  
  38  4:03  Adept  
  44  4:25  Void Ray  
  44  4:31  Pylon  
  42  4:35  Pylon  
  40  4:52  Probe x2  
  40  4:55  Void Ray  
  40  4:59  Pylon  
  40  5:04  Probe  
  45  5:29  Probe  
  45  5:32  Probe, Phoenix  
  47  5:37  Probe  
  47  5:40  Adept, Phoenix  
  52  5:44  Probe  
  52  5:46  Protoss Air Armor Level 1  
  55  5:57  Probe, Phoenix  
  58  6:05  Probe  
  58  6:09  Stargate  
  58  6:11  Pylon  
  59  6:12  Pylon  
  59  6:15  Phoenix  
  61  6:22  Phoenix  
  61  6:43  Adept  
  61  6:45  Void Ray  
  49  6:57  Probe x2  
  51  7:02  Void Ray  
  51  7:05  Void Ray  
  59  7:12  Probe  
  59  7:15  Probe  
  59  7:53  Void Ray x2  
  59  7:54  Void Ray  
  71  8:08  Nexus  
  71  8:12  Pylon  
  71  8:15  Probe  
  71  8:18  Probe  
  73  8:23  Probe  
  75  8:41  Probe x2  
  76  8:48  Adept  
  76  8:53  Probe x2  
  80  9:05  Probe x2  
  80  9:08  Void Ray  
  86  9:12  Void Ray  
  86  9:15  Void Ray  
  94  9:17  Probe  
  94  9:22  Probe x2  
  97  9:29  Probe  
  98  9:49  Probe x2  
  98  9:50  Probe  
  101  9:56  Cybernetics Core  
  101  9:58  Stargate  
  101  9:59  Void Ray x2  
  109  10:04  Pylon  
  109  10:08  Pylon, Adept  
  111  10:31  Void Ray  
  115  10:41  Void Ray  
  115  10:42  Void Ray  
  113  11:18  Adept  
  113  11:19  Probe  
  113  11:20  Probe x2  
  113  11:23  Assimilator  
  118  11:27  Assimilator  
  118  11:29  Void Ray x3  
  118  11:31  Probe  
  118  11:32  Probe  
Show
View Real Time Build Order
Export as new Build Order

OpuS Protoss 

Build Orders:  

Get SALT Encoding   

  12  0:01  Probe  
  13  0:13  Probe  
  14  0:19  Pylon  
  14  0:25  Probe  
  15  0:38  Gateway  
  15  0:43  Probe  
  16  0:51  Probe, Assimilator  
  17  0:59  Probe  
  18  1:09  Probe  
  18  1:15  Gateway  
  18  1:17  Probe  
  19  1:25  Probe  
  20  1:30  Cybernetics Core  
  21  1:37  Probe  
  22  1:40  Pylon  
  22  1:49  Probe  
  23  2:02  Zealot  
  23  2:03  Zealot  
  23  2:06  Warp Gate  
  27  2:11  Pylon  
  27  2:22  Gateway  
  27  2:23  Pylon  
  27  2:35  Probe  
  28  2:38  Zealot x2  
  32  2:44  Assimilator  
  32  2:56  Twilight Council  
  31  3:00  Pylon  
  31  3:10  Shield Battery  
  31  3:15  Charge  
  31  3:18  Stalker x2  
  35  3:39  Probe  
  36  3:42  Stalker  
  36  4:33  Stargate  
  36  4:43  Nexus  
  30  4:46  Stalker, Forge  
  30  4:47  Pylon  
  30  4:48  Stalker  
  34  4:59  Stalker  
  36  5:07  Void Ray  
  40  5:24  Probe  
  41  5:33  Photon Cannon  
  41  5:37  Zealot  
  43  5:43  Zealot  
  45  5:55  Probe x2  
  47  6:07  Probe x2  
  49  6:13  Photon Cannon  
  49  6:16  Photon Cannon  
  47  6:36  Photon Cannon  
  47  6:40  Photon Cannon  
  34  6:59  Void Ray  
  34  7:11  Probe x2  
  32  7:23  Probe  
  33  7:32  Templar Archives  
  33  7:35  Gateway  
  33  7:37  Gateway  
  33  7:39  Gateway  
  33  7:44  Probe x2  
  35  8:06  Probe  
  35  8:07  Probe  
  35  8:08  Zealot  
  35  8:09  Zealot x2  
  43  8:19  Probe x2  
  45  8:26  Pylon  
  45  8:31  Probe x2  
  47  8:42  High Templar  
  47  8:43  High Templar x3  
  47  8:44  High Templar  
  47  8:47  Archon x2  
  57  8:53  High Templar  
  57  8:55  Probe x2  
  61  8:57  Assimilator  
  61  9:01  Assimilator  
  61  9:02  Photon Cannon  
  61  9:03  Pylon  
  61  9:05  Archon  
  61  9:07  Probe  
  62  9:15  Zealot  
  62  9:16  Zealot  
  66  9:17  Zealot x2  
  70  9:25  Gateway  
  70  9:26  Gateway  
  70  9:35  Pylon  
  70  9:40  High Templar x2  
  70  9:42  Zealot x2  
  70  9:45  Archon  
  78  9:58  Probe x2  
  80  10:12  Zealot x4  
  80  10:13  Zealot  
  86  10:23  High Templar x2  
  20  11:28  Nexus  
  19  11:35  Pylon  
Show
View Real Time Build Order
Export as new Build Order

Sketchaphone Zerg 

Build Orders: Hatch First 

Get SALT Encoding   

  12  0:01  Drone  
  13  0:13  Overlord  
  13  0:18  Drone  
  13  0:20  Extractor  
  13  0:23  Drone  
  15  0:32  Drone  
  16  0:39  Drone  
  17  0:54  Drone  
  18  0:58  Extractor  
  18  1:03  Hatchery  
  16  1:06  Drone  
  17  1:14  Drone  
  18  1:29  Spawning Pool  
  17  1:34  Drone  
  17  1:36  Drone  
  19  1:53  Drone x2  
  21  2:10  Overlord  
  21  2:17  Metabolic Boost  
  21  2:19  Baneling Nest  
  21  2:21  Spine Crawler  
  19  2:27  Zergling x2  
  19  2:29  Spine Crawler  
  19  2:40  Zergling x4  
  19  2:41  Zergling x2  
  22  2:53  Overlord, Zergling x2, Drone  
  24  3:18  Queen, Spore Crawler  
  24  3:19  Zergling x4  
  27  3:36  Overlord, Zergling x2  
  27  3:38  Drone  
  29  3:57  Zergling x10  
  33  4:07  Drone  
  33  4:18  Drone x2  
  35  4:26  Overlord, Drone  
  36  4:32  Spore Crawler, Drone x2  
  37  4:50  Drone  
  37  4:51  Drone  
  37  4:52  Queen  
  41  4:56  Lair  
  41  4:57  Drone x2  
  40  5:17  Drone  
  40  5:18  Drone  
  42  5:23  Overlord, Drone  
  42  5:27  Drone  
  42  5:28  Queen  
  46  5:33  Hatchery, Drone  
  46  5:34  Extractor  
  45  5:36  Drone  
  45  5:37  Evolution Chamber  
  45  5:38  Evolution Chamber  
  44  5:46  Baneling  
  44  5:47  Baneling x5  
  44  5:49  Overlord  
  44  5:53  Zergling x4  
  46  6:00  Hydralisk Den, Drone  
  46  6:12  Queen  
  46  6:13  Drone  
  46  6:14  Drone x2  
  46  6:18  Zergling x4  
  49  6:52  Zergling x18  
  55  7:01  Baneling x5  
  55  7:02  Centrifical Hooks  
  55  7:07  Overlord, Zerg Ground Armor Level 1  
  55  7:08  Drone x4  
  58  7:18  Spore Crawler, Drone  
  58  7:19  Queen  
  60  7:25  Zergling x2  
  60  7:26  Zergling x4  
  61  7:38  Baneling x4  
  61  7:39  Zergling x8, Baneling  
  63  7:48  Queen  
  63  7:51  Drone x3  
  66  7:56  Overlord  
  66  8:08  Overlord  
  66  8:15  Overlord x2  
  66  8:26  Overlord  
  55  8:46  Hydralisk x8  
  64  9:01  Extractor  
  63  9:03  Overlord  
  63  9:04  Extractor  
  62  9:12  Extractor  
  62  9:13  Spore Crawler  
  60  9:18  Zergling x2  
  61  9:29  Zerg Missile Weapons Level 1  
  61  9:31  Grooved Spines  
  61  9:44  Overlord, Drone x2  
  61  9:45  Hydralisk x3  
  63  9:46  Extractor  
  63  9:52  Hydralisk  
  70  10:04  Infestation Pit  
  69  10:16  Hatchery  
  69  10:21  Spore Crawler  
  67  10:25  Overlord  
  67  10:26  Overlord  
  67  10:38  Infestation Pit  
  66  10:44  Hydralisk  
  66  10:45  Hydralisk  
  70  10:51  Drone  
  57  11:00  Zergling x6  
  58  11:14  Zergling x8  
  62  11:20  Zergling x4  
  64  11:29  Pathogen Glands  
  53  11:49  Spore Crawler  
  53  11:51  Spore Crawler  
  53  11:52  Spore Crawler  
  53  11:53  Spore Crawler x2  
  42  11:56  Zergling x2  
Tags
 
Add a new tag
Caveats
  • Supply blocks, unpowered buildings, or Contaminate may cause inaccurate times.
  • Supply counts are checked every 10 seconds.